Map: Echo LE (Void)

Players

VampyWorm

  • Race: Protoss Protoss
  • League: Grandmaster

KaYaK - Winner!

  • Race: Zerg Zerg
  • League: Grandmaster

VOD

Have the link to the VOD?

Description

Time

  • Played on: June 14, 2015, 7:29 p.m.
  • Length: 26:43
Show
View Real Time Build Order
Export as new Build Order

VampyWorm Protoss 

Build Orders:  

Get SALT Encoding   

  12  0:13  Probe, Pylon  
  13  0:25  Probe (Chrono Boost)  
  14  0:37  Probe (Chrono Boost)  
  15  0:42  Gateway  
  15  0:44  Probe (Chrono Boost)  
  16  0:54  Probe  
  16  0:55  Assimilator  
  17  0:58  Assimilator  
  17  1:06  Probe  
  18  1:18  Probe (Chrono Boost)  
  18  1:19  Forge  
  19  1:30  Probe (Chrono Boost)  
  20  1:38  Probe (Chrono Boost)  
  21  1:50  Nexus  
  21  1:58  Probe (Chrono Boost)  
  22  2:14  Cybernetics Core  
  22  2:18  Pylon  
  22  2:32  Protoss Ground Weapons Level 1 (Chrono Boost)  
  22  2:36  Probe, Zealot  
  24  2:47  Photon Cannon  
  24  2:50  Warp Gate  
  25  2:55  Mothership Core (Chrono Boost)  
  26  3:03  Sentry  
  28  3:08  Probe (Chrono Boost)  
  28  3:09  Probe (Chrono Boost)  
  31  3:20  Probe (Chrono Boost)  
  31  3:27  Probe (Chrono Boost)  
  32  3:31  Probe (Chrono Boost)  
  33  3:39  Probe (Chrono Boost)  
  35  3:43  Probe (Chrono Boost)  
  35  3:47  Assimilator  
  36  3:48  Assimilator  
  36  3:50  Probe (Chrono Boost)  
  36  3:52  Probe (Chrono Boost)  
  36  3:54  Pylon  
  36  3:55  Sentry  
  39  3:59  Probe x2 (Chrono Boost)  
  39  4:02  Stargate  
  41  4:04  Disruptor  
  41  4:08  Probe (Chrono Boost)  
  43  4:12  Probe (Chrono Boost)  
  43  4:16  Gateway  
  43  4:19  Protoss Ground Armor Level 1  
  43  4:22  Gateway  
  43  4:23  Probe (Chrono Boost)  
  45  4:28  Probe (Chrono Boost)  
  46  4:32  Probe (Chrono Boost)  
  46  4:36  Probe (Chrono Boost)  
  46  4:38  Probe (Chrono Boost)  
  48  4:55  Phoenix (Chrono Boost)  
  48  4:59  Stargate  
  51  5:01  Probe (Chrono Boost)  
  51  5:03  Probe (Chrono Boost)  
  52  5:17  Nexus  
  52  5:19  Pylon  
  52  5:28  Pylon  
  52  5:32  Robotics Facility  
  52  5:38  Probe (Chrono Boost)  
  52  5:40  Probe (Chrono Boost)  
  54  5:43  Phoenix x2  
  54  5:48  Probe (Chrono Boost)  
  54  5:49  Zealot x3  
  66  5:51  Probe (Chrono Boost)  
  66  5:54  Probe (Chrono Boost)  
  67  6:00  Probe  
  68  6:05  Nexus  
  68  6:06  Photon Cannon  
  68  6:07  Pylon  
  68  6:25  Probe, Phoenix (Chrono Boost)  
  71  6:35  Probe  
  71  6:37  Probe  
  73  6:43  Phoenix (Chrono Boost)  
  75  6:52  Gateway  
  75  6:55  Gateway  
  75  6:58  Pylon  
  75  7:02  Pylon, Phoenix  
  74  7:12  Probe (Chrono Boost)  
  74  7:13  Probe (Chrono Boost)  
  74  7:14  Phoenix  
  69  7:24  Probe (Chrono Boost)  
  69  7:25  Probe (Chrono Boost)  
  66  7:31  Protoss Air Weapons Level 1  
  66  7:32  Probe (Chrono Boost)  
  66  7:38  Probe (Chrono Boost)  
  66  7:41  Probe (Chrono Boost)  
  70  7:44  Phoenix x2 (Chrono Boost)  
  70  7:48  Probe (Chrono Boost)  
  70  7:51  Stalker, Zealot x2  
  75  7:55  Probe  
  75  7:56  Pylon, Robotics Bay  
  80  8:02  Observer (Chrono Boost)  
  80  8:05  Twilight Council, Probe  
  82  8:08  Probe  
  82  8:10  Assimilator  
  82  8:12  Assimilator  
  81  8:46  Zealot x3  
  91  8:50  Disruptor (Chrono Boost)  
  81  9:03  Zealot  
  81  9:04  Disruptor, Zealot  
  59  9:55  Phoenix x2 (Chrono Boost)  
  63  10:00  Stalker x2  
  63  10:01  Stalker  
  63  10:02  Zealot x2  
  63  10:06  Protoss Ground Weapons Level 2  
  77  10:14  Disruptor (Chrono Boost)  
  77  10:18  Phoenix x2 (Chrono Boost)  
  77  10:21  Probe x2 (Chrono Boost)  
  84  10:29  Probe (Chrono Boost)  
  84  10:41  Disruptor x2  
  84  10:46  Probe x3  
  84  10:48  Void Ray (Chrono Boost)  
  95  10:55  Void Ray (Chrono Boost), Blink  
  95  11:00  Gateway  
  95  11:02  Gateway  
  95  11:05  Gateway  
  95  11:06  Pylon  
  95  11:11  Stalker, Zealot x2  
  96  11:12  Stalker x2  
  97  11:31  Phoenix  
  97  11:32  Phoenix  
  97  11:37  Observer (Chrono Boost)  
  94  11:47  Stalker, Zealot x2  
  94  11:48  Zealot  
  102  12:03  Forge  
  102  12:05  Pylon  
  102  12:19  Stalker x4  
  114  12:25  Zealot x2  
  114  12:26  Stalker x2  
  114  12:27  Disruptor (Chrono Boost)  
  122  12:34  Probe (Chrono Boost)  
  125  12:38  Probe x2 (Chrono Boost)  
  126  12:44  Probe (Chrono Boost)  
  126  12:46  Nexus  
  126  12:47  Probe x2 (Chrono Boost)  
  126  12:48  Pylon  
  126  12:49  Pylon  
  128  12:52  Assimilator  
  128  12:56  Nexus  
  128  12:57  Assimilator  
  128  13:06  Void Ray  
  136  13:23  Probe x3  
  136  13:24  Pylon  
  136  13:25  Disruptor (Chrono Boost)  
  139  13:27  Disruptor x2  
  139  13:28  Pylon  
  137  13:35  Probe x2  
  139  13:44  Stalker x2  
  139  13:45  Stalker x2  
  139  13:46  Stalker  
  149  13:55  Disruptor (Chrono Boost)  
  149  14:00  Protoss Ground Weapons Level 3 (Chrono Boost)  
  134  14:15  Stalker x2  
  134  14:16  Stalker, Zealot  
  125  14:52  Phoenix x2  
  129  14:59  Probe x2 (Chrono Boost)  
  133  15:00  Probe (Chrono Boost)  
  133  15:01  Probe (Chrono Boost)  
  133  15:02  Stalker x3, Zealot  
  141  15:11  Probe (Chrono Boost)  
  141  15:12  Probe (Chrono Boost)  
  144  15:15  Probe (Chrono Boost)  
  144  15:19  Phoenix (Chrono Boost)  
  144  15:21  Protoss Ground Armor Level 2 (Chrono Boost), Phoenix (Chrono Boost)  
  148  15:25  Stalker  
  148  15:27  Stalker  
  152  15:34  Disruptor x2  
  113  16:20  Void Ray x2  
  125  16:33  Stalker x3  
  125  16:34  Disruptor (Chrono Boost), Zealot x3  
  125  16:35  Stalker  
  125  16:57  Stalker x3  
  135  17:06  Observer (Chrono Boost)  
  132  17:09  Observer Gravitic Boosters (Chrono Boost)  
  132  17:43  Void Ray x2 (Chrono Boost)  
  140  17:46  Zealot x3  
  146  18:14  Pylon  
  146  18:15  Pylon  
  146  18:17  Pylon  
  146  18:33  Disruptor  
  150  18:49  Nexus  
  150  18:51  Disruptor (Chrono Boost)  
  150  18:54  Zealot x3  
  160  19:28  Disruptor (Chrono Boost)  
  160  19:32  Stalker x3  
  160  19:33  Zealot x2  
  164  19:58  Disruptor (Chrono Boost)  
  167  20:26  Disruptor  
  167  20:34  Disruptor  
  167  20:38  Observer (Chrono Boost)  
  168  20:44  Assimilator  
  168  20:49  Assimilator  
  168  20:51  Disruptor  
  168  21:03  Pylon  
  154  21:06  Disruptor  
  154  21:14  Disruptor  
  152  21:39  Disruptor (Chrono Boost)  
  99  22:05  Stalker x2  
  99  22:06  Stalker, Zealot x2  
  99  22:07  Stalker x2  
  113  22:16  Protoss Ground Armor Level 3 (Chrono Boost)  
  113  22:17  Void Ray x2 (Chrono Boost)  
  125  22:27  Nexus, Disruptor (Chrono Boost)  
  125  22:41  Zealot x4  
  125  22:42  Zealot x4  
  141  22:51  Observer (Chrono Boost)  
  142  22:53  Probe (Chrono Boost)  
  142  22:55  Probe x2 (Chrono Boost)  
  142  22:56  Probe (Chrono Boost)  
  146  23:04  Zealot  
  146  23:05  Stalker x3, Probe (Chrono Boost), Zealot x2  
  156  23:08  Probe (Chrono Boost)  
  160  23:16  Observer (Chrono Boost)  
  145  24:15  Probe x2  
  145  24:16  Stalker x2, Disruptor  
  145  24:17  Stalker, Zealot  
  151  24:18  Stalker x2, Zealot  
  159  24:38  Disruptor  
  159  24:42  Disruptor  
  149  24:56  Stalker  
  149  24:57  Zealot x6  
  46  26:26  Zealot x2  
  46  26:27  Zealot x5  
  46  26:28  Zealot  
Show
View Real Time Build Order
Export as new Build Order

KaYaK Zerg - Winner!

Build Orders: Hatch First, Lurkers 

Get SALT Encoding   

  12  0:01  Drone  
  13  0:12  Overlord  
  13  0:17  Drone  
  14  0:30  Drone x2  
  14  0:34  Drone  
  17  0:51  Hatchery  
  17  0:55  Drone  
  17  1:00  Drone, Extractor  
  17  1:08  Drone  
  18  1:18  Spawning Pool  
  18  1:20  Drone  
  18  1:28  Drone  
  19  1:39  Drone  
  20  1:49  Overlord  
  20  2:04  Overlord  
  20  2:06  Queen x2  
  20  2:08  Metabolic Boost  
  24  2:10  Zergling x2  
  24  2:14  Zergling x2  
  26  2:17  Zergling x2  
  26  2:22  Overlord  
  27  2:26  Zergling x2  
  28  2:47  Zergling x8  
  32  3:00  Drone  
  32  3:01  Drone  
  34  3:07  Drone  
  34  3:09  Drone  
  35  3:16  Drone x3  
  35  3:17  Drone  
  35  3:18  Drone x3  
  41  3:20  Drone x2  
  41  3:22  Drone  
  44  3:30  Drone  
  45  3:38  Extractor  
  45  3:39  Extractor  
  45  3:41  Extractor  
  42  3:43  Lair  
  42  3:57  Hatchery, Drone x4  
  42  3:58  Drone x2  
  47  4:09  Drone x4  
  51  4:11  Overlord x2  
  51  4:25  Overlord  
  51  4:26  Overlord  
  51  4:28  Queen  
  53  4:36  Drone x3  
  53  4:37  Drone x3  
  59  4:46  Spire  
  59  4:52  Pneumatized Carapace  
  58  5:05  Zergling x12  
  58  5:06  Zergling x10  
  69  5:11  Drone x3  
  72  5:19  Drone x3  
  75  5:25  Overseer  
  75  5:30  Drone x4  
  75  5:35  Extractor  
  78  5:38  Extractor  
  77  5:47  Drone x5  
  77  5:48  Drone  
  82  5:59  Mutalisk x3  
  82  6:01  Overlord  
  82  6:02  Overlord x5  
  88  6:10  Hydralisk Den  
  87  6:12  Drone x2  
  87  6:13  Evolution Chamber x2  
  87  6:20  Spore Crawler x2  
  87  6:21  Spore Crawler  
  87  6:23  Spore Crawler x2  
  87  6:25  Spore Crawler  
  81  6:27  Lurker Den  
  81  6:42  Hydralisk x5  
  91  6:50  Zerg Missile Weapons Level 1, Zerg Ground Armor Level 1  
  91  6:56  Hydralisk  
  91  6:57  Hydralisk x2  
  86  7:12  Hydralisk x5  
  92  7:23  Queen  
  92  7:25  Hydralisk x2  
  92  7:26  Hydralisk  
  100  7:33  Drone x5  
  100  7:36  Drone x2  
  101  7:37  Drone  
  101  7:43  Overlord  
  101  7:44  Overlord  
  102  7:48  Overlord  
  102  8:04  Hydralisk x7  
  116  8:17  Queen  
  113  8:43  Spore Crawler  
  113  8:44  Spore Crawler  
  113  8:47  Spore Crawler  
  113  8:48  Spore Crawler, Zerg Ground Armor Level 2  
  109  8:50  Spore Crawler x2  
  107  9:05  Overlord x2  
  107  9:06  Overlord x5  
  101  9:28  Hydralisk x4  
  101  9:29  Hydralisk x7  
  101  9:30  Hydralisk x6  
  111  9:46  Hydralisk x2  
  111  9:47  Hydralisk x4  
  115  10:01  Lurker x3  
  115  10:02  Lurker x4  
  122  10:07  Queen  
  122  10:11  Zerg Missile Weapons Level 2  
  125  10:14  Drone x5  
  125  10:15  Drone  
  130  10:30  Overlord x4  
  130  10:31  Overlord x3  
  130  10:44  Overlord  
  130  10:45  Overlord x4  
  109  11:30  Hydralisk x2  
  109  11:31  Hydralisk x7  
  109  11:32  Hydralisk x6  
  124  11:33  Hydralisk x3  
  124  11:34  Hydralisk  
  128  11:44  Hatchery  
  123  11:48  Muscular Augments  
  123  11:56  Hydralisk x3  
  126  12:12  Hydralisk  
  126  12:13  Hydralisk x6  
  137  12:26  Hydralisk x4  
  142  12:36  Drone x7  
  149  12:44  Drone x3  
  151  12:48  Lurker x2  
  151  12:49  Lurker x3  
  155  13:15  Overseer x2  
  155  13:20  Hydralisk x4  
  155  13:21  Hydralisk x5  
  155  13:25  Drone x3  
  155  13:26  Drone, Extractor  
  176  13:28  Spore Crawler, Extractor  
  168  13:37  Drone x2  
  168  13:38  Drone x5  
  168  13:40  Drone x5  
  180  13:47  Infestation Pit  
  157  14:15  Hydralisk  
  157  14:16  Hydralisk x7  
  157  14:17  Hydralisk x3  
  179  14:27  Hydralisk x2  
  179  14:28  Hydralisk x2  
  185  14:54  Hydralisk x3  
  185  14:55  Hydralisk x4  
  199  15:05  Hive  
  199  15:12  Overseer x3  
  199  15:22  Zerg Melee Weapons Level 1  
  194  15:45  Hydralisk x4  
  194  15:46  Hydralisk  
  193  15:52  Hydralisk x3  
  193  15:53  Hydralisk x2  
  193  15:56  Hatchery  
  145  16:22  Zerg Missile Weapons Level 3  
  145  16:33  Extractor  
  145  16:36  Extractor  
  139  16:49  Hydralisk x5  
  149  16:58  Drone x2  
  151  17:16  Zerg Ground Armor Level 3  
  151  17:25  Drone x2  
  151  17:26  Hatchery, Extractor  
  151  17:30  Extractor  
  150  17:58  Hydralisk x3  
  150  17:59  Hydralisk x2  
  150  18:04  Lurker  
  161  18:20  Drone  
  161  18:21  Drone x3  
  165  18:36  Lurker  
  166  18:50  Overlord  
  164  19:17  Hydralisk  
  162  19:32  Drone x5  
  158  19:54  Lurker x3  
  158  19:58  Lurker  
  162  20:25  Queen  
  162  20:26  Hydralisk x4  
  172  20:35  Lurker x4  
  128  21:16  Hydralisk x4  
  128  21:17  Hydralisk x5  
  118  21:47  Infestor, Hydralisk  
  118  21:48  Hydralisk x5  
  120  22:08  Extractor  
  119  22:15  Hatchery  
  117  22:44  Zerg Melee Weapons Level 2  
  117  22:55  Drone, Ultralisk Cavern  
  117  22:56  Drone x6  
  117  22:57  Drone x6  
  129  23:07  Overseer  
  126  23:54  Chitinous Plating  
  123  23:56  Ultralisk x4  
  141  24:26  Ultralisk x3  
  153  24:59  Drone x7  
  161  25:00  Drone x3  
  161  25:01  Extractor  
  161  25:03  Ultralisk x2, Extractor  
  115  25:27  Hydralisk x5  
  119  25:31  Hydralisk  
  113  25:40  Hydralisk x2  
  111  26:01  Hydralisk x6  
  123  26:22  Spire  
Tags
 
Composition
Lurkers
Matchup
PvZ
Replay Pack
pvz
Add a new tag
Caveats
  • Supply blocks, unpowered buildings, or Contaminate may cause inaccurate times.
  • Supply counts are checked every 10 seconds.